 Dungeon Crawl Stone Soup version 0.27.1 (webtiles) character file.

Game seed: 16960341791385085539

30 Destapler the Chiller (level 2, 0/23 HPs)
             Began as a Demigod Ice Elementalist on Aug 24, 2021.
             Succumbed to an adder's poison
             ... on level 2 of the Dungeon.
             The game lasted 00:05:32 (1163 turns).

Destapler the Chiller (Demigod Ice Elementalist)    Turns: 1163, Time: 00:05:32

Health: 0/23       AC:  2    Str:  9    XL:     2   Next: 87%
Magic:  7/7        EV: 12    Int: 17    God:
Gold:   55         SH:  0    Dex: 14    Spells: 4/5 levels left

rFire    . . .     SeeInvis .   b - +2 spear (vorpal)
rCold    . . .     Faith    .   (no shield)
rNeg     . . .     Spirit   .   a - +0 robe
rPois    .         Reflect  .   (no helmet)
rElec    .         Harm     .   (no cloak)
rCorr    .         Rampage  .   (no gloves)
Will     .....                  (no boots)
Stlth    ++........             f - amulet of magic regeneration
HPRegen  0.07/turn              (no ring)
MPRegen  0.35/turn              (no ring)

@: lethally poisoned (0 -> -1)
A: high mp 1, forlorn
a: no special abilities


You were on level 2 of the Dungeon.
You visited 1 branch of the dungeon, and saw 2 of its levels.

You collected 55 gold pieces.

Inventory:

Hand Weapons
 b - a +2 vorpal spear (weapon)
Missiles
 d - 20 poisoned darts
Armour
 a - a +0 robe (worn)
Jewellery
 f - an amulet of magic regeneration (around neck)
Scrolls
 c - 2 scrolls of identify
 e - a scroll of noise
 g - a scroll of enchant weapon {unknown}
 h - a scroll of summoning {unknown}


   Skills:
 + Level 1.3 Fighting
 + Level 1.1 Polearms
 - Level 1.7 Dodging
 - Level 1.7 Stealth
 + Level 2.3 Spellcasting
 - Level 3.6 Ice Magic


You had 4 spell levels left.
You knew the following spells:

 Your Spells              Type           Power      Damage    Failure   Level
a - Freeze                Ice            56%        1d7       4%          1

Your spell library contained the following spells:

 Spells                   Type           Power      Damage    Failure   Level
 Frozen Ramparts          Ice            28%        1d4       13%         3
 Ozocubu's Armour         Ice            14%        N/A       13%         3
 Sublimation of Blood     Necr           0%         N/A       28%         2
 Hailstorm                Conj/Ice       8%         3d4       65%         4
 Petrify                  Tmut/Erth      1%         N/A       88%         4
 Irradiate                Conj/Tmut      0%         3d14      99%         5


Dungeon Overview and Level Annotations

Branches:
Dungeon (2/15)

Shops:
D:2 [


Innate Abilities, Weirdness & Mutations

Your attributes grow dramatically as you level up.
You have an increased reservoir of magic. (+10% MP)
You shall have no god before yourself.


Message History

You open the large door.
There is a large open door here.
h - a scroll labelled PANEUFARHA
There is a large open door here.
An adder comes into view.
You reach to attack!
You barely miss the adder. You freeze the adder.
The adder is lightly wounded.
The adder seems to slow down.
The adder barely misses you.
The adder is no longer moving slowly.
You barely miss the adder.
The adder is lightly wounded.
The adder bites you.
You hit the adder.
The adder is almost dead.
The adder completely misses you. The adder bites you.
You are poisoned.
The adder poisons you!
You closely miss the adder.
The adder is almost dead.
You feel sick. The adder misses you.
You feel sick.
You closely miss the adder.
The adder is almost dead.
You feel sick. The adder bites you. The adder barely misses you.
You closely miss the adder.
The adder is almost dead.
You feel sick. The adder bites you.
* * * LOW HITPOINT WARNING * * *
You miss the adder.
The adder is almost dead.
You feel sick. The adder bites you.
* * * LOW HITPOINT WARNING * * *
You aren't carrying any potions.
You are too injured to fight recklessly!
As you read the scroll labelled URGHAE IWIENNOE, it crumbles to dust.
It is a scroll of identify.
e - a scroll of noise You die...

#.#
#≈≈...§≈...≈≈#
#.#
#≈≈......≈≈#
#.#
##≈≈≈..≈≈≈##
#.# ####''####
#.########...#
#..........###
##########.#
#.# #@# #S#
#.# #.# #.#
#.# #.# #..
#..


You could see an adder.

Vanquished Creatures
  A worm (D:2)
  A dart slug (D:2)
  2 ball pythons (D:1)
  An endoplasm (D:1)
  A giant cockroach (D:2)
  A goblin (D:2)
  2 hobgoblins (D:1)
  2 kobolds
  2 quokkas (D:1)
  4 bats (D:1)
  7 frilled lizards
  A rat (D:1)
25 creatures vanquished.

Notes
Turn   | Place    | Note
-------+----------+-------------------------------------------
     0 | D:1      | Destapler the Demigod Ice Elementalist began the quest for
                  | the Orb.
     0 | D:1      | Reached XP level 1. HP: 14/14 MP: 5/5
   259 | D:1      | Reached XP level 2. HP: 22/22 MP: 7/7
   542 | D:1      | Reached skill level 1 in Fighting
   939 | D:2      | Found Hiuc's Antique Armour Boutique.
  1004 | D:2      | Reached skill level 1 in Polearms
  1162 | D:2      | HP: 1/23 [adder (4)]
  1163 | D:2      | Succumbed to an adder's poison

Illustrated notes

Levels and vault maps discovered:
D:1:      dpeg_arrival_rhombus, layout_basic, minmay_door_square
D:2:      layout_loops_ring, serial_shops, shop, shop,
          nicolae_shop_overgrown_old_shop, nicolae_shop_waterfront,
          dk_noncrumbling_2, kennysheep_cross_room

Skill      XL: |  1  2 |
---------------+-------+-----
Spellcasting   | 2 |  2.3
Fighting       | 1 |  1.3
Polearms       | 1 |  1.1
Dodging        | |  1.7
Stealth        | |  1.7
Ice Magic      | |  3.6

Action                   || total
-------------------------++-------
Melee: Spear             ||    46
 Cast: Freeze            ||    23
  Use: Scroll            ||     1
 Stab: Sleeping          ||     4
Armor: Robe              ||     8
Dodge: Dodged            ||    27
